SAAA
NAPERVILLE BATTLEKINGS @ VERMONT LAKE MONSTERS
08/29/2028
 
TOP OF THE 1ST
Naperville Battlekings batting - Pitching for Vermont Lake Monsters : RHP Roberto Cantú
Pitching: RHP Roberto Cantú
Batting: RHB Zeus Preckwinkle 0-0: Called Strike
0-1: Ball
1-1: Ball
2-1: Fly out, F8 (Flyball, 8LS)
Batting: LHB Curtis Peters 0-0: Ball
1-0: Ball
2-0: Called Strike
2-1: Ground out 6-3 (Groundball, 6)
Batting: LHB Arthur Ryan 0-0: Foul Ball, location: 2F
0-1: SOLO HOME RUN (Flyball, 89XD), Distance : 433 ft
Batting: RHB Ben Kennerly 0-0: Called Strike
0-1: Fly out, F3 (Flyball, 3D)
Top of the 1st over - 1 run(s), 1 hit(s), 0 error(s), 0 left on base; Naperville 1 - Vermont 0
BOTTOM OF THE 1ST
Vermont Lake Monsters batting - Pitching for Naperville Battlekings : RHP Raúl Areola
Pitching: RHP Raúl Areola
Batting: RHB Luis Rodríguez 0-0: Ball
1-0: Foul Ball, location: 2F
1-1: Ball
2-1: Ball
3-1: Ground out 6-3 (Groundball, 6)
Batting: RHB Rafael Pueblo 0-0: Ball
1-0: Ball
2-0: Called Strike
2-1: Ball
3-1: Fly out, F5 (Line Drive, 5S)
Batting: LHB Brad Tillman 0-0: Ball
1-0: Ground out 6-3 (Groundball, 56)
Bottom of the 1st over - 0 run(s), 0 hit(s), 0 error(s), 0 left on base; Naperville 1 - Vermont 0
TOP OF THE 2ND
Naperville Battlekings batting - Pitching for Vermont Lake Monsters : RHP Roberto Cantú
Batting: LHB Naohiro Sakai 0-0: Fly out, F9 (Line Drive, 9D)
Batting: RHB António Guzmán 0-0: Called Strike
0-1: Swinging Strike
0-2: Ball
1-2: Strikes out swinging
Batting: RHB Sergio Pérez 0-0: Ball
1-0: Ground out 6-3 (Groundball, 6D)
Top of the 2nd over - 0 run(s), 0 hit(s), 0 error(s), 0 left on base; Naperville 1 - Vermont 0
BOTTOM OF THE 2ND
Vermont Lake Monsters batting - Pitching for Naperville Battlekings : RHP Raúl Areola
Batting: RHB Zelmar Barajas 0-0: Called Strike
0-1: Ball
1-1: Ball
2-1: Foul Ball, location: 2F
2-2: Foul Ball, location: 2F
2-2: Ball
3-2: Single, Error in OF, E8, batter to second base
Batting: RHB Augusto Encarnación 0-0: Called Strike
Zelmar Barajas steals 3rd base
0-1: Ball
1-1: Fly out, F6 (Popup, 6)
Batting: LHB Arturo Gonzáles 0-0: Called Strike
0-1: Ball
1-1: Ball
2-1: SINGLE (Groundball, 34D)
Zelmar Barajas scores
Batting: RHB Pedro Torres 0-0: Called Strike
0-1: Ball
Arturo Gonzáles steals 2nd base
1-1: Foul Ball, location: 2F
1-2: Strikes out swinging
Batting: SHB Enrico Mejía 0-0: SINGLE (Groundball, 4D)
Arturo Gonzáles to third
Runner from 3rd tries for Home, SAFE, no throw
Batting: RHB José Alcalá 0-0: Ball
1-0: Ball
2-0: Foul Ball, location: 2F
2-1: Foul Ball, location: 2F
2-2: Foul Ball, location: 2F
2-2: Ball
3-2: Foul Ball, location: 2F
3-2: Foul Ball, location: 2F
3-2: Foul Ball, location: 2F
3-2: Strikes out swinging
Bottom of the 2nd over - 2 run(s), 3 hit(s), 1 error(s), 1 left on base; Naperville 1 - Vermont 2
TOP OF THE 3RD
Naperville Battlekings batting - Pitching for Vermont Lake Monsters : RHP Roberto Cantú
Batting: RHB Scott Zijm 0-0: Ball
1-0: Ball
2-0: Ball
3-0: Called Strike
3-1: Base on Balls
Batting: LHB Alexis Raimbault 0-0: Ball
1-0: Ball
2-0: Ball
3-0: Called Strike
3-1: Fly out, F6 (Popup, 6D)
Batting: RHB Zeus Preckwinkle 0-0: Ball
1-0: Called Strike
1-1: Ball
2-1: Foul Ball, location: 2F
2-2: Strikes out swinging
Batting: LHB Curtis Peters 0-0: Ball
Wild Pitch!
Scott Zijm to second
1-0: Foul Ball, location: 2F
1-1: Ball
2-1: Ball
3-1: Ground out 5-3 (Groundball, 56)
Top of the 3rd over - 0 run(s), 0 hit(s), 0 error(s), 1 left on base; Naperville 1 - Vermont 2
BOTTOM OF THE 3RD
Vermont Lake Monsters batting - Pitching for Naperville Battlekings : RHP Raúl Areola
Batting: RHB Luis Rodríguez 0-0: Called Strike
0-1: Called Strike
0-2: Ball
1-2: Foul Ball, location: 2F
1-2: Foul Ball, location: 2F
1-2: Ball
2-2: Foul Ball, location: 2F
2-2: Fly out, F5 (Popup, 56)
Batting: RHB Rafael Pueblo 0-0: Called Strike
0-1: Foul Ball, location: 2F
0-2: Foul Ball, location: 2F
0-2: DOUBLE (Line Drive, 89D)
Batting: LHB Brad Tillman 0-0: Ball
Rafael Pueblo is caught stealing 3rd base
1-0: Swinging Strike
1-1: Called Strike
1-2: Foul Ball, location: 2F
1-2: Ball
2-2: Strikes out looking
Bottom of the 3rd over - 0 run(s), 1 hit(s), 0 error(s), 0 left on base; Naperville 1 - Vermont 2
TOP OF THE 4TH
Naperville Battlekings batting - Pitching for Vermont Lake Monsters : RHP Roberto Cantú
Batting: LHB Arthur Ryan 0-0: Called Strike
0-1: Ball
1-1: Foul Ball, location: 2F
1-2: Ball
2-2: SINGLE (Groundball, 6MD)
Batting: RHB Ben Kennerly 0-0: Ball
1-0: Called Strike
1-1: Ball
2-1: Foul Ball, location: 2F
2-2: Fielders Choice at 2nd, 5-4 (Groundball, 56)
Batting: LHB Naohiro Sakai 0-0: Foul Ball, location: 2F
0-1: Ball
1-1: Ball
2-1: Fly out, F7 (Flyball, 78D)
Batting: RHB António Guzmán 0-0: Ball
1-0: Called Strike
1-1: Called Strike
Ben Kennerly steals 2nd base
1-2: Strikes out swinging
Top of the 4th over - 0 run(s), 1 hit(s), 0 error(s), 1 left on base; Naperville 1 - Vermont 2
BOTTOM OF THE 4TH
Vermont Lake Monsters batting - Pitching for Naperville Battlekings : RHP Raúl Areola
Batting: RHB Zelmar Barajas 0-0: Ball
1-0: Fly out, F9 (Flyball, 9)
Batting: RHB Augusto Encarnación 0-0: Called Strike
0-1: Foul Ball, location: 2F
0-2: Fly out, F8 (Flyball, 8LM)
Batting: LHB Arturo Gonzáles 0-0: Ball
1-0: Called Strike
1-1: Foul Ball, location: 2F
1-2: Ball
2-2: Ground out 4-3 (Groundball, 4S)
Bottom of the 4th over - 0 run(s), 0 hit(s), 0 error(s), 0 left on base; Naperville 1 - Vermont 2
TOP OF THE 5TH
Naperville Battlekings batting - Pitching for Vermont Lake Monsters : RHP Roberto Cantú
Batting: RHB Sergio Pérez 0-0: Ball
1-0: Called Strike
1-1: Called Strike
1-2: Ball
2-2: Ball
3-2: Foul Ball, location: 2F
3-2: Base on Balls
Batting: RHB Scott Zijm 0-0: Ball
Sergio Pérez steals 2nd base
1-0: Ball
2-0: Fly out, F8 (Flyball, 78XD)
Runner from 2nd tags up, SAFE at 3rd, no throw
Batting: LHB Alexis Raimbault 0-0: Called Strike
0-1: Foul Ball, location: 2F
0-2: Ball
1-2: Strikes out looking
Batting: RHB Zeus Preckwinkle 0-0: Called Strike
0-1: Foul Ball, location: 2F
0-2: Ground out 1-3 (Groundball, 15S)
Top of the 5th over - 0 run(s), 0 hit(s), 0 error(s), 1 left on base; Naperville 1 - Vermont 2
BOTTOM OF THE 5TH
Vermont Lake Monsters batting - Pitching for Naperville Battlekings : RHP Raúl Areola
Batting: RHB Pedro Torres 0-0: Ground out 6-3 (Groundball, 6)
Batting: SHB Enrico Mejía 0-0: Ground out 6-3 (Groundball, 6)
Batting: RHB José Alcalá 0-0: Ball
1-0: Foul Ball, location: 2F
1-1: Called Strike
1-2: Ball
2-2: Strikes out swinging
Bottom of the 5th over - 0 run(s), 0 hit(s), 0 error(s), 0 left on base; Naperville 1 - Vermont 2
TOP OF THE 6TH
Naperville Battlekings batting - Pitching for Vermont Lake Monsters : RHP Roberto Cantú
Batting: LHB Curtis Peters 0-0: Swinging Strike
0-1: SINGLE (Groundball, 23) (infield hit)
Batting: LHB Arthur Ryan 0-0: Ball
1-0: Ball
2-0: Called Strike
2-1: Called Strike
2-2: Fielders Choice at 2nd, 1-6 (Groundball, 13S)
Batting: RHB Ben Kennerly 0-0: Called Strike
0-1: Ball
Arthur Ryan steals 2nd base
1-1: Ball
2-1: Ball
3-1: Base on Balls
Batting: LHB Naohiro Sakai 0-0: Ball
1-0: Grounds into double play, 3-6-3 (Groundball, 3)
Top of the 6th over - 0 run(s), 1 hit(s), 0 error(s), 1 left on base; Naperville 1 - Vermont 2
BOTTOM OF THE 6TH
Vermont Lake Monsters batting - Pitching for Naperville Battlekings : RHP Raúl Areola
Batting: RHB Luis Rodríguez 0-0: Swinging Strike
0-1: Reached via error on a dropped throw, E3
Batting: RHB Rafael Pueblo 0-0: Ball
1-0: Foul Ball, location: 2F
1-1: Ball
2-1: Ground out 3-1 (Groundball, 34)
Luis Rodríguez to second
Batting: LHB Brad Tillman 0-0: Reached on error, E6 (Groundball, 6S)
Luis Rodríguez to third
Batting: RHB Zelmar Barajas 0-0: Ball
1-0: Ball
2-0: Called Strike
2-1: Swinging Strike
2-2: Fly out, F7 (Line Drive, 7)
Runner from 3rd tags up, SCORES, no throw
Batting: RHB Augusto Encarnación 0-0: Ball
1-0: Foul Ball, location: 2F
1-1: Ball
2-1: Foul Ball, location: 2F
2-2: Fielders Choice at 2nd, 5-4 (Groundball, 5)
Bottom of the 6th over - 1 run(s), 0 hit(s), 2 error(s), 0 left on base; Naperville 1 - Vermont 3
TOP OF THE 7TH
Naperville Battlekings batting - Pitching for Vermont Lake Monsters : RHP Roberto Cantú
Batting: RHB António Guzmán 0-0: Called Strike
0-1: Called Strike
0-2: Strikes out swinging
Batting: RHB Sergio Pérez 0-0: Ground out 5-3 (Groundball, 56S)
Batting: RHB Scott Zijm 0-0: Ball
1-0: Swinging Strike
1-1: Ball
2-1: Called Strike
2-2: Foul Ball, location: 2F
2-2: Strikes out swinging
Top of the 7th over - 0 run(s), 0 hit(s), 0 error(s), 0 left on base; Naperville 1 - Vermont 3
BOTTOM OF THE 7TH
Vermont Lake Monsters batting - Pitching for Naperville Battlekings : RHP Raúl Areola
Batting: LHB Arturo Gonzáles 0-0: Ball
1-0: Fly out, F6 (Line Drive, 6M)
Batting: RHB Pedro Torres 0-0: Ball
1-0: Foul Ball, location: 2F
1-1: Swinging Strike
1-2: Strikes out looking
Batting: SHB Enrico Mejía 0-0: Swinging Strike
0-1: Called Strike
0-2: Ball
1-2: Strikes out swinging
Bottom of the 7th over - 0 run(s), 0 hit(s), 0 error(s), 0 left on base; Naperville 1 - Vermont 3
TOP OF THE 8TH
Naperville Battlekings batting - Pitching for Vermont Lake Monsters : RHP Roberto Cantú
Batting: LHB Alexis Raimbault 0-0: Ball
1-0: Called Strike
1-1: Ball
2-1: Foul Ball, location: 2F
2-2: Fly out, F8 (Flyball, 8RD)
Pitching: LHP Hwen-thiang Qin
Batting: RHB Zeus Preckwinkle 0-0: Swinging Strike
0-1: Called Strike
0-2: Strikes out swinging
Batting: LHB Curtis Peters 0-0: Ball
1-0: Ball
2-0: Ball
3-0: Base on Balls
Pitching: RHP Rodas Aguilar
Batting: LHB Arthur Ryan 0-0: Foul Ball, location: 2F
0-1: Ground out 1-3 (Groundball, P)
Top of the 8th over - 0 run(s), 0 hit(s), 0 error(s), 1 left on base; Naperville 1 - Vermont 3
BOTTOM OF THE 8TH
Vermont Lake Monsters batting - Pitching for Naperville Battlekings : RHP Raúl Areola
Pitching: LHP Chris Rogers
Batting: RHB José Alcalá 0-0: Called Strike
0-1: Called Strike
0-2: Foul Ball, location: 2F
0-2: Strikes out swinging
Batting: RHB Luis Rodríguez 0-0: Ground out 1-3 (Groundball, P)
Batting: RHB Rafael Pueblo 0-0: Foul Ball, location: 2F
0-1: Ball
1-1: Ball
2-1: Called Strike
2-2: Foul Ball, location: 2F
2-2: Ball
3-2: Foul Ball, location: 2F
3-2: Foul Ball, location: 2F
3-2: Base on Balls
Batting: LHB Brad Tillman 0-0: Called Strike
0-1: SINGLE (Groundball, 56D)
Rafael Pueblo to second
Pinch Hitting: RHB Ray John 0-0: Ball
1-0: Ball
2-0: Ball
3-0: Foul Ball, location: 2F
3-1: Called Strike
3-2: Base on Balls
Rafael Pueblo to third
Brad Tillman to second
Batting: RHB Augusto Encarnación 0-0: Ground out 5-3 (Groundball, 25)
Bottom of the 8th over - 0 run(s), 1 hit(s), 0 error(s), 3 left on base; Naperville 1 - Vermont 3
TOP OF THE 9TH
Naperville Battlekings batting - Pitching for Vermont Lake Monsters : RHP Rodas Aguilar
Pitching: LHP Cherles Gachineiro
Now at 3B: Justin Smelter
Batting: RHB Ben Kennerly 0-0: Ball
1-0: Called Strike
1-1: Swinging Strike
1-2: Ball
2-2: Foul Ball, location: 2F
2-2: Strikes out swinging
Batting: LHB Naohiro Sakai 0-0: Ball
1-0: Ball
2-0: Called Strike
2-1: Ball
3-1: SOLO HOME RUN (Flyball, 9D), Distance : 382 ft
Batting: RHB António Guzmán 0-0: Ball
1-0: Ball
2-0: Ball
3-0: Base on Balls
Batting: RHB Sergio Pérez 0-0: Ball
1-0: Called Strike
1-1: Foul Ball, location: 2F
1-2: Foul Ball, location: 2F
1-2: SINGLE (Groundball, 6) (infield hit)
António Guzmán to second
Batting: RHB Scott Zijm 0-0: Ball
1-0: Ball
2-0: Ball
3-0: Called Strike
3-1: Fly out, F9 (Line Drive, 9)
Pinch Hitting: RHB Edward Payne 0-0: Called Strike
0-1: Foul Ball, location: 2F
0-2: Ball
1-2: Strikes out looking
Top of the 9th over - 1 run(s), 2 hit(s), 0 error(s), 2 left on base; Naperville 2 - Vermont 3
Wednesday, August 30th, 2017 - OOTP Baseball 17.12 Build 75